 Dungeon Crawl Stone Soup version 0.26.0-8-g74fc34ddfb (webtiles) character file.

Game seed: 7488063564001351428

4842 Froggeryz the Spear-Bearer (level 10, -5/56 HPs)
             Began as a Tengu Abyssal Knight on Jan 12, 2021.
             Was a High Priest of Lugonu.
             Killed by divine providence
             ... invoked by an orc priest
              (12 damage)
             ... on level 9 of the Dungeon.
             The game lasted 00:09:56 (10625 turns).

Froggeryz the Spear-Bearer (Tengu Abyssal Knight)  Turns: 10625, Time: 00:09:56

Health: -5/56      AC:  5    Str: 15    XL:     10   Next: 49%
Magic:  12/12      EV: 22    Int: 12    God:    Lugonu [*****.]
Gold:   517        SH:  0    Dex: 19    Spells: 9/9 levels left

rFire    + . .     SeeInvis .   h - +3 trident
rCold    . . .     Faith    +   (no shield)
rNeg     . . .     Spirit   .   I - +0 leather armour {rF+}
rPois    +         Reflect  .   m - +0 hat
rElec    .         Harm     .   A - +0 cloak
rCorr    .         Rampage  .   D - +0 pair of gloves
Will     .....                  (boots unavailable)
Stlth    ++........             K - amulet "Vuhor" {Faith Dex+4 Slay+3}
HPRegen  0.18/turn              t - ring of poison resistance
MPRegen  0.13/turn              x - ring of stealth

@: flying quickly and evasively, quick
A: beak, talons 3, able to fly
a: Stop Flying, Renounce Religion, Depart the Abyss, Bend Space, Banish,
Corrupt, Enter the Abyss


You were on level 9 of the Dungeon.
You worshipped Lugonu.
Lugonu was extremely pleased with you.
You visited 2 branches of the dungeon, and saw 10 of its levels.
You visited the Abyss 1 time.

You collected 517 gold pieces.

Inventory:

Hand Weapons
 h - a +3 trident (weapon)
 J - a +1 spear of flaming
Missiles
 s - 18 curare-tipped darts
 u - 4 throwing nets
Armour
 l - a +0 chain mail of fire resistance
 m - a +0 hat (worn)
 A - a +0 cloak (worn)
 D - a +0 pair of gloves (worn)
 I - a +0 leather armour of fire resistance (worn)
Jewellery
 i - an uncursed ring of fire
 t - a ring of poison resistance (left hand)
 v - an uncursed ring of fire
 x - a ring of stealth (right hand)
 K - the amulet "Vuhor" (around neck) {Faith Dex+4 Slay+3}
   (You acquired it on level 8 of the Dungeon)

   [amulet of faith]

   It allows you to gain divine favour quickly.
   It affects your dexterity (+4).
   It affects your accuracy and damage with ranged weapons and melee attacks
   (+3).
 L - an uncursed amulet of regeneration
Wands
 b - a wand of flame (28)
 C - a wand of random effects (15)
 E - a wand of disintegration (32)
 F - a wand of polymorph (24)
Scrolls
 c - 6 scrolls of fear {unknown}
 d - 8 scrolls of teleportation {unknown}
 f - 3 scrolls of enchant armour {unknown}
 j - 3 scrolls of remove curse
 k - 4 scrolls of amnesia {unknown}
 o - 4 scrolls of noise {unknown}
 p - a scroll of enchant weapon {unknown}
 q - 4 scrolls of identify
 r - a scroll of magic mapping {unknown}
 y - a scroll of torment {unknown}
 M - a scroll of fog {unknown}
Potions
 a - 2 potions of lignification {unknown}
 e - 2 potions of haste {unknown}
 g - a potion of invisibility {unknown}
 n - a potion of heal wounds
 w - 4 potions of curing
 z - a potion of cancellation {unknown}
 B - a potion of might
 G - a potion of ambrosia
 H - a potion of berserk rage
 N - a potion of degeneration {unknown}


   Skills:
 + Level 3.8 Fighting
 * Level 13.3 Polearms
 - Level 2.1 Armour
 - Level 9.0 Dodging
 - Level 1.5 Invocations


You had 9 spell levels left.
You didn't know any spells.
Your spell library contained the following spells:

 Spells                   Type           Power        Failure   Level
 Magic Dart               Conj           0%           38%         1
 Blink                    Tloc           N/A          52%         2
 Call Imp                 Summ           0%           52%         2
 Slow                     Hex            0%           52%         2
 Conjure Flame            Conj/Fire      0%           77%         3
 Mephitic Cloud           Conj/Pois/Air  0%           77%         3


Dungeon Overview and Level Annotations

Branches:
Dungeon (9/15)             Temple (1/1) D:5
   Lair: D:8-11         Orc: D:9-12

Altars:
Ashenzari
Cheibriados
Dithmenos
Elyvilon
Fedhas
Gozag
Hepliaklqana
Kikubaaqudgha
Makhleb
Nemelex Xobeh
Okawaru
Qazlal
Sif Muna
Trog
Uskayaw
Vehumet
Wu Jian
Xom
Yredelemnul
Zin
The Shining One

Shops:
D:4 (   D:7 (


Innate Abilities, Weirdness & Mutations

You have a beak for a mouth.
You have claws for feet.
You can fly continuously.


Message History

The orc priest is moderately wounded.
The orc priest invokes the aid of Beogh against you.
You struggle to resist.
You reach to attack!
You hit the orc priest but do no damage.
The orc priest is moderately wounded.
The orc wizard gestures at itself while chanting.
The orc wizard flickers and vanishes!
Deactivating autopickup; reactivate with Ctrl-A.
You reach to attack!
You puncture the orc priest!
The orc priest is almost dead.
The orc priest invokes the aid of Beogh against you.
Beogh smites you!
The orc priest mumbles some strange prayers to Beogh against you.
Beogh smites you!
* * * LOW HITPOINT WARNING * * *
You are too injured to fight recklessly!
The orc priest mumbles some strange prayers to Beogh against you.
Beogh smites you!
You die...

...#..............≈≈##
...#.#..†...(........
...._.............≈≈##
...#.#.(..........≈≈.#
####..............≈≈o+###
.....#'######'##.o≈8≈≈≈≈≈
.....#.........#..8≈≈≈≈≈≈
.....#.........##........
.....#..........@.).#...#
####.#...........#### #
...###...........#
.................#
...#######.......# ...#
#.......# ...# #.......#
...# #.......#....
...#######.......#....


You could see 2 orc priests.

Vanquished Creatures
  Psyche (D:7)
  A troll (D:9)
  Grum (D:8)
  Edmund (D:6)
  2 ice beasts
  2 orc warriors
  2 necrophages
  2 centaurs
  8 ogres
  2 phantoms
  3 wolves
  A big kobold (D:7)
  3 bullfrogs
  9 killer bees
  5 howler monkeys
  4 jellies
  A centaur zombie (D:9)
  A bullfrog skeleton (D:8)
  4 hounds
  5 orc priests
  10 orc wizards
  2 iguanas
  Terence (D:2)
  Natasha (thrice) (D:2)
  5 worker ants
  A statue (D:7)
  3 hound skeletons
  8 gnolls
  8 adders
  A shadow imp (D:5)
  A white imp (D:9)
  2 oozes
  5 worms
  A dart slug (D:3)
  10 leopard geckos
  35 orcs
  A ball python (D:2)
  11 bats
  6 giant cockroaches
  4 goblins
  5 hobgoblins
  7 jackals
  6 quokkas
  9 frilled lizards
  A giant cockroach zombie (D:6)
  13 kobolds
  A leopard gecko zombie (D:5)
  8 rats
226 creatures vanquished.

Vanquished Creatures (others)
  2 plants (D:2)
2 creatures vanquished.

Grand Total: 228 creatures vanquished

Notes
Turn   | Place    | Note
-------+----------+-------------------------------------------
     0 | Abyss:1  | Froggeryz the Tengu Abyssal Knight began the quest for the
                  | Orb.
     0 | Abyss:1  | Reached XP level 1. HP: 14/14 MP: 3/3
    39 | Abyss:1  | Noticed a large abomination
    49 | Abyss:1  | Noticed a small abomination
    50 | Abyss:1  | Noticed a starcursed mass
    51 | D:1      | Escaped the Abyss
    98 | D:1      | Reached XP level 2. HP: 18/19 MP: 4/4
   120 | D:1      | Reached skill level 3 in Polearms
   245 | D:1      | Reached * piety under Lugonu
   609 | D:1      | Reached XP level 3. HP: 22/23 MP: 5/5
   753 | D:1      | Reached skill level 4 in Polearms
  1100 | D:2      | Noticed Natasha
  1117 | D:2      | Killed Natasha
  1118 | D:2      | Reached XP level 4. HP: 15/28 MP: 6/6
  1269 | D:2      | Noticed Natasha
  1275 | D:2      | Killed Natasha
  1441 | D:2      | Noticed Natasha
  1452 | D:2      | Killed Natasha
  1453 | D:2      | Reached skill level 5 in Polearms
  1453 | D:2      | Gained mutation: You can fly continuously. [Tengu growth]
  1453 | D:2      | Reached XP level 5. HP: 15/32 MP: 7/7
  1671 | D:2      | Noticed Terence
  1683 | D:2      | Killed Terence
  2239 | D:3      | Reached ** piety under Lugonu
  2485 | D:3      | Found a white marble altar of Elyvilon.
  3270 | D:4      | Reached XP level 6. HP: 37/37 MP: 8/8
  3278 | D:4      | Noticed a phantom
  3283 | D:4      | Noticed a phantom
  3288 | D:4      | Reached skill level 6 in Polearms
  3320 | D:3      | Killed a phantom
  3376 | D:4      | Killed a phantom
  3579 | D:4      | Found a shimmering altar of Xom.
  3830 | D:4      | Reached skill level 7 in Polearms
  3830 | D:4      | Reached XP level 7. HP: 3/41 MP: 9/9
  4320 | D:4      | Found Beqak's Antique Weapon Shop.
  4601 | D:4      | Reached *** piety under Lugonu
  4690 | D:5      | Entered Level 5 of the Dungeon
  4746 | D:5      | Found a shimmering blue altar of Sif Muna.
  5005 | D:5      | Found a staircase to the Ecumenical Temple.
  5029 | D:5      | Found an ornate altar of the Wu Jian Council.
  5049 | D:5      | Reached skill level 8 in Polearms
  5169 | D:5      | Found a basalt altar of Yredelemnul.
  5207 | D:5      | Found a blossoming altar of Fedhas.
  5297 | D:5      | Reached skill level 5 in Dodging
  5300 | D:5      | Reached XP level 8. HP: 37/46 MP: 10/10
  5546 | Temple   | Entered the Ecumenical Temple
  5579 | D:6      | Found a sparkling altar of Nemelex Xobeh.
  5744 | D:6      | Reached skill level 9 in Polearms
  6507 | D:6      | Noticed Edmund
  6522 | D:6      | Killed Edmund
  6523 | D:6      | Reached skill level 10 in Polearms
  7113 | D:6      | Reached XP level 9. HP: 50/50 MP: 11/11
  7524 | D:7      | Found a radiant altar of Vehumet.
  7810 | D:7      | Reached **** piety under Lugonu
  7819 | D:7      | Reached skill level 11 in Polearms
  8446 | D:7      | Found Buenwucy's Antique Weapon Shoppe.
  8866 | D:8      | Noticed Psyche
  8874 | D:7      | Killed Psyche
  8875 | D:7      | Reached skill level 12 in Polearms
  9330 | D:8      | Reached XP level 10. HP: 53/56 MP: 12/12
  9638 | D:8      | Found an opulent altar of Gozag.
  9714 | D:8      | Identified a scroll of acquirement
  9714 | D:8      | Acquired the amulet "Vuhor" {Faith Dex+4 Slay+3}
  9801 | D:8      | Found a radiant altar of Vehumet.
  9893 | D:8      | Noticed Grum
  9913 | D:8      | Killed Grum
 10166 | D:9      | Reached ***** piety under Lugonu
 10170 | D:9      | Reached skill level 13 in Polearms
 10552 | D:9      | Found a hazy altar of Hepliaklqana.
 10625 | D:9      | Killed from afar by an orc priest

Illustrated notes

Levels and vault maps discovered:
D:1:      saegor_arrival_simple_e, layout_loops_cross
D:2:      layout_rooms, serial_forest, infiniplex_forest_lined_4_way,
          infiniplex_forest_lined_room_2, infiniplex_forest_straight_4,
          infiniplex_forest_zigzag_2, infiniplex_forest_3_way,
          infiniplex_forest_straight_1, infiniplex_forest_lined_room_,
          infiniplex_forest_clump_curved, uniq_terence, uniq_natasha
D:3:      layout_loops_ring, elyvilon_altar_1, chequers_serial_rivers_marsh,
          minmay_three_crescents
D:4:      minmay_chambers_of_twos, layout_loops_ring, tgw_xom, serial_shops,
          shop
D:5:      layout_cave_pods, nicolae_overflow_crystal_walls,
          kennysheep_little_box, old_standard_altar, fedhas_altar_4,
          minmay_temple_entry_statues_pillars
D:6:      layout_cave_pods, nemelex_xobeh_ov_fountains_minmay,
          lightli_corner_chamber, uniq_edmund
D:7:      layout_loops_ring, vehumet_statue, serial_shops, shop
D:8:      layout_rooms, grunt_gozag_breadcrumbs, basic_altar, uniq_psyche,
          uniq_grum
D:9:      layout_irregular_city, nicolae_ru_path_of_blood, lemuel_crystal_altar,
          erik_orc_2, serial_undead, serial_undead_d, serial_undead_f,
          serial_undead_f, serial_undead_e, serial_undead_a,
          kennysheep_generic_room_3
Temple:   minmay_freezing_vapour_temple

Skill      XL: |  1  2  3  4  5  6  7  8  9 10 |
---------------+-------------------------------+-----
Polearms       | 3 4 5 7 8 10 12 13 | 13.3
Dodging        | 2 3 4 5 6 8 9 |  9.0
Fighting       | |  3.8
Armour         | |  2.1
Invocations    | |  1.5

Action                   |  1- 3 |  4- 6 |  7- 9 | 10-12 || total
-------------------------+-------+-------+-------+-------++-------
Melee: Spear             |    87 |   213 |   285 |       ||   585
       Kick              |    18 |    47 |    82 |    28 ||   175
       Peck              |     7 |    32 |    61 |    17 ||   117
       Trident           |       |       |   154 |   131 ||   285
Invok: Depart the Abyss  |     1 |       |       |       ||     1
 Abil: Fly               |       |     1 |       |       ||     1
  Use: Potion            |       |       |     2 |       ||     2
       Scroll            |       |       |     8 |     1 ||     9
 Stab: Sleeping          |       |     1 |    14 |     4 ||    19
       Confused          |       |       |     1 |       ||     1
Armor: Leather armour    |    15 |    27 |    29 |    10 ||    81
Dodge: Dodged            |    40 |   118 |   201 |    81 ||   440
